 Dungeon Crawl Stone Soup version 0.28-a0-172-g787e458d71 (webtiles) character file.

Game seed: 5786906955680805514

525 frimble the Skirmisher (level 7, -4/87 (90) HPs)
             Began as a Minotaur Warper on Aug 17, 2021.
             Slain by a wight (6 damage)
             ... on level 4 of the Dungeon.
             The game lasted 00:03:43 (3964 turns).

frimble the Skirmisher (Minotaur Warper)            Turns: 3964, Time: 00:03:44

HP:   -4/87 (90)    AC: 23    Str: 16    XL:     7   Next: 2%
MP:   9/9           EV:  2    Int: 13    God:
Gold: 206           SH:  0    Dex: 10    Spells: 8/10 levels left

rFire   . . .      SeeInvis .   b - +0 scimitar
rCold   . . .      Faith    .   (no shield)
rNeg    + + +      Spirit   .   (armour currently unavailable)
rPois   +          Reflect  .   (helmet currently unavailable)
rElec   .          Harm     .   (cloak currently unavailable)
rCorr   .          Rampage  .   (gloves currently unavailable)
Will    .....      NoTele   +   (boots currently unavailable)
Stlth   +.........              (no amulet)
HPRegen 0.24/turn               (no ring)
MPRegen 0.11/turn               (no ring)

@: lethally poisoned (-4 -> -19), tree-form, attractive, lightly drained
A: stationary, stasis, torment immunity, boosted hp, (horns 2), (retaliatory
headbutt), (iridescent scales 1), clever 1
a: no special abilities


You were on level 4 of the Dungeon.
You were a tree.
You visited 1 branch of the dungeon, and saw 4 of its levels.

You collected 206 gold pieces.

Inventory:

Hand Weapons
 a - a +1 dagger of venom
 b - a +0 scimitar (weapon)
Missiles
 d - 4 boomerangs of dispersal (quivered)
 g - 3 boomerangs
Armour
 m - a +0 leather armour (melded)
Scrolls
 c - 2 scrolls of blinking
 e - a scroll of vulnerability {unknown}
 f - 3 scrolls of enchant armour {unknown}
 i - a scroll of enchant weapon {unknown}
 n - a scroll of magic mapping {unknown}
 o - a scroll of summoning {unknown}
 q - a scroll of noise {unknown}
 s - a scroll of fear {unknown}
Potions
 l - a potion of lignification
 p - a potion of resistance {unknown}
 r - a potion of haste {unknown}
 t - 2 potions of curing {unknown}
 u - a potion of brilliance {unknown}
 v - a potion of heal wounds {unknown}


   Skills:
 + Level 4.3 Fighting
 + Level 2.3(3.3) Short Blades
 + Level 4.1(4.5) Long Blades
 + Level 2.8 Throwing
 - Level 2.1 Armour
 + Level 3.7 Dodging
 - Level 2.0 Spellcasting
 + Level 3.0 Translocations


You had 8 spell levels left.
You knew the following spells:

 Your Spells              Type           Power      Damage    Failure   Level
a - Blink                 Tloc           N/A        N/A       11%         2

Your spell library contained the following spells:

 Spells                   Type           Power      Damage    Failure   Level
 Gell's Gravitas          Tloc           4%         N/A       22%         3
 Lesser Beckoning         Tloc           4%         N/A       22%         3
 Teleport Other           Tloc           9%         N/A       22%         3
 Static Discharge         Conj/Air       1%         N/A       36%         2
 Manifold Assault         Tloc           9%         N/A       90%         5
 Animate Armour           Summ/Erth      2%         N/A       94%         4
 Dispel Undead            Necr           1%         3d6       94%         4
 Sticky Flame             Conj/Fire      1%         2d3       94%         4
 Blade Hands              Tmut           0%         N/A       100%        5
 Iron Shot                Conj/Erth      0%         9d1       100%        6


Dungeon Overview and Level Annotations

Branches:
Dungeon (4/15)
 Temple: D:4-7

Altars:
Wu Jian

Shops:
D:3 :


Innate Abilities, Weirdness & Mutations

You are a tree.
Your roots penetrate the ground, keeping you stationary.
You cannot be teleported.
You are immune to unholy pain and torment.
Your maximum health is greatly increased.
Your equipment is partially melded.
((You have a pair of horns on your head.))
((You reflexively headbutt those who attack you in melee.))
((You are partially covered in iridescent scales. (AC +2)))
Your mind is acute. (Int +2)


Message History

You slash the scorpion!
You headbutt the scorpion, but do no damage.
The scorpion is severely wounded.
You feel very sick. The scorpion stings you. The scorpion barely misses you.
You hit the scorpion.
You kill the scorpion!
You feel sick.
Your Translocations skill increases to level 3!
You have reached level 7!
It was a potion of mutation.
You feel extremely strange.
You feel clever.
Iridescent scales grow over part of your body.
You feel sick.
The wight hits you with a +0 battleaxe of venom.
You feel sick.
It was a potion of attraction.
You feel attractive to monsters.
You feel sick.
The wight hits you with a +0 battleaxe of venom.
* * * LOW HITPOINT WARNING * * *
You feel drained.
* * * LOW HITPOINT WARNING * * *
You are lethally poisoned!
It was a potion of flight.
You feel very buoyant.
You fly up into the air.
* * * LOW HITPOINT WARNING * * *
You feel very sick.
The wight hits you with a +0 battleaxe of venom.
* * * LOW HITPOINT WARNING * * *
You feel drained.
You are more poisoned.
It was a potion of lignification.
You turn into a tree.
Your +0 leather armour melds into your body.
Your roots penetrate the ground.
* * * LOW HITPOINT WARNING * * *
You feel very sick.
The wight hits you with a +0 battleaxe of venom.
You die...

#..)...............##.....
#.................###.....
##...............####.....
####### #...............#
#......
......####............[##
#......
.......#.....(.........#
##......
......................##
#.......
.......#####.........##
#.....(. ......##
####.♣##### #.......
.....## ##z# #.......
....## #.## ####.###...
....# ##.# #.........#
...## #.## #.....#...#
..## ##.##.......#...# .##
#.##....#.###.## ##
##.#...#...#.... #
#.........#....


You could see a wight.

Vanquished Creatures
  A black bear (D:4)
  A necrophage (D:3)
  An ogre (D:4)
  A scorpion (D:4)
  An iguana (D:4)
  4 gnolls (D:2)
  6 adders
  An adder skeleton (D:4)
  A worm (D:2)
  A dart slug (D:1)
  8 ball pythons
  4 endoplasms
  4 giant cockroaches (D:1)
  6 goblins
  4 hobgoblins
  7 jackals
  6 quokkas
  5 bats
  3 frilled lizards
  7 kobolds
  5 rats
77 creatures vanquished.

Vanquished Creatures (others)
  A fungus (D:3)
1 creature vanquished.

Grand Total: 78 creatures vanquished

Notes
Turn   | Place    | Note
-------+----------+-------------------------------------------
     0 | D:1      | frimble the Minotaur Warper began the quest for the Orb.
     0 | D:1      | Reached XP level 1. HP: 18/18 MP: 1/1
   274 | D:1      | Reached XP level 2. HP: 24/25 MP: 3/3
   658 | D:1      | Reached XP level 3. HP: 30/30 MP: 4/4
  1336 | D:2      | Reached XP level 4. HP: 28/38 MP: 5/5
  1793 | D:2      | Reached XP level 5. HP: 6/45 MP: 6/6
  2268 | D:3      | Found an ornate altar of the Wu Jian Council.
  2310 | D:3      | Found a faded altar of an unknown god.
  2312 | D:3      | Noticed a necrophage
  2326 | D:3      | Killed a necrophage
  2327 | D:3      | Reached skill level 1 in Short Blades
  3085 | D:3      | Found Voufie Nystro's Book Shoppe.
  3404 | D:4      | Noticed an ogre
  3426 | D:4      | Killed an ogre
  3427 | D:4      | Reached XP level 6. HP: 36/52 MP: 8/8
  3671 | D:4      | Learned a level 2 spell: Blink
  3768 | D:4      | Identified the +1 chain mail of the Catamount {Rampage
                  | +Blink Str-4 Dex+10}
  3960 | D:4      | Reached XP level 7. HP: 27/60 MP: 9/9
  3960 | D:4      | Gained mutation: Your mind is acute. (Int +2) [potion of
                  | mutation]
  3960 | D:4      | Gained mutation: You are partially covered in iridescent
                  | scales. (AC +2) [potion of mutation]
  3964 | D:4      | HP: 2/87 [poisoned by a wight]
  3964 | D:4      | Slain by a wight

Illustrated notes

Levels and vault maps discovered:
D:1:      sevenhm_arrival_forest_fort_small_6, layout_rooms,
          minmay_misc_feat_alley, chequers_serial_rivers_micro_a,
          chequers_serial_rivers_room_a, st_stairs_4, minivault_23
D:2:      layout_loops_ring
D:3:      layout_loops_corners, nicolae_wu_jian_wuxing_cycle,
          dreamdust_ecumenical_altar_grove, serial_shops,
          nicolae_shop_temple_entry_statues_fountains
D:4:      layout_cave_pods, hangedman_decor_lopped, uniq_ijyb

Skill      XL: |  1  2  3  4  5  6 |
---------------+-------------------+-----
Fighting       | 3 4 |  4.3
Armour         | 2 |  2.1
Long Blades    | 3 4 |  4.1
Dodging        | 3 |  3.7
Short Blades   | 1 2 |  2.3
Throwing       | 2 |  2.8
Spellcasting   | 2 |  2.0
Translocations | 3 |  3.0

Action                   |  1- 3 |  4- 6 |  7- 9 || total
-------------------------+-------+-------+-------++-------
Melee: Falchion          |    87 |    22 |       ||   109
       Headbutt          |    14 |    19 |       ||    33
       Dagger            |       |    61 |       ||    61
       Scimitar          |       |    10 |       ||    10
Throw: Boomerang         |       |     1 |       ||     1
  Use: Potion            |       |       |     4 ||     4
Armor: Leather armour    |    21 |    26 |       ||    47
Dodge: Dodged            |    53 |    58 |       ||   111
       Rpst.: Falchion   |    12 |     2 |       ||    14

Table legend: (Time is in decaauts)
 A = Elapsed time spent in this place.
 B = Non-inter-level travel time spent in this place.
 C = Inter-level travel time spent in this place.
 D = Time resting spent in this place.
 E = Time spent auto-exploring this place.
 F = Levels seen in this place.
 G = Mean time per level.
                   A        B        C        D        E       F      G
               +--------+--------+--------+--------+--------+-----+--------+
         Total |   3973 |   3850 |    123 |      0 |   3398 |   4 |  993.2 |
       Dungeon |   3973 |   3850 |    123 |      0 |   3398 |   4 |  993.2 |
               +--------+--------+--------+--------+--------+-----+--------+

Top non-repeatable levels by time:
     D:2: 1230 daAuts
     D:3: 1201 daAuts
     D:1: 975 daAuts
     D:4: 566 daAuts
